 Dungeon Crawl Stone Soup version 0.28-a0-938-gbc3f381ebc (webtiles) character file.

Game seed: 9560048081987415066

2475 Sobieck the Summoner (level 9, 0/40 HPs)
             Began as a Felid Summoner on Nov 27, 2021.
             Was an Elder of Elyvilon.
             Shot with an arrow by a centaur warrior (18 damage)
             ... on level 9 of the Dungeon on Nov 28, 2021.
             The game lasted 00:49:59 (14355 turns).

Sobieck the Summoner (Felid Summoner)              Turns: 14355, Time: 00:50:00

Health: 0/40       AC:  6    Str: 10    XL:     9   Next: 27%
Magic:  10/18      EV: 21    Int: 19    God:    Elyvilon [****..]
Gold:   452        SH:  0    Dex: 17    Spells: 8/19 levels left
                                        Lives:  0   Deaths: 2

rFire   . . .      SeeInvis +   (weapon unavailable)
rCold   . . .      Faith    .   (shield unavailable)
rNeg    . . .      Spirit   .   (armour unavailable)
rPois   .          Reflect  .   (helmet unavailable)
rElec   .          Harm     .   (cloak unavailable)
rCorr   .          Rampage  .   (gloves unavailable)
Will    +....                   (boots unavailable)
Stlth   ++........              (no amulet)
HPRegen 0.13/turn               e - +6 ring of strength
MPRegen 0.16/turn               q - +4 ring of protection

@: quick
A: very small, claws 1, fangs 3, see invisible, speed 1, shaggy fur 2, stealthy
paws, no weapons or thrown items, no armour, multi-lived
a: Renounce Religion, Purification, Heal Other, Heal Self


You were on level 9 of the Dungeon.
You worshipped Elyvilon.
Elyvilon was greatly pleased with you.
You visited 2 branches of the dungeon, and saw 10 of its levels.
You also visited: Sewer.

You collected 452 gold pieces.


Innate Abilities, Weirdness & Mutations

You have sharp claws.
You have razor-sharp teeth.
You have supernaturally acute eyesight. (SInv)
You cover ground quickly. (Speed+)
You are covered in thick fur. (AC +2)
Your paws help you pounce on unaware monsters.
You are incapable of wielding weapons or throwing items.
You cannot wear armour.
You gain extra lives every three experience levels.


   Skills:
 + Level 4.8 Fighting
 + Level 6.9 Dodging
 - Level 2.6 Stealth
 + Level 5.5 Spellcasting
 - Level 5.0 Hexes
 - Level 9.0 Summonings
 - Level 7.0 Air Magic


You had 8 spell levels left.
You knew the following spells:

 Your Spells              Type           Power      Damage    Failure   Level
a - Summon Small Mammal   Summ           100%       N/A       1%          1
b - Summon Lightning Spi  Summ/Air       35%        N/A       4%          4
c - Call Canine Familiar  Summ           39%        N/A       1%          3
d - Summon Guardian Gole  Hex/Summ       31%        N/A       1%          3

Your spell library contained the following spells:

 Spells                   Type           Power      Damage    Failure   Level
 Call Imp                 Summ           39%        N/A       1%          2
 Animate Skeleton         Necr           10%        N/A       12%         1
 Beastly Appendage        Tmut           10%        N/A       12%         1
 Pain                     Necr           20%        1d5       12%         1
 Wereblood                Tmut           5%         N/A       19%         2
 Spider Form              Tmut/Pois      5%         N/A       34%         3
 Vampiric Draining        Necr           5%         2d6       34%         3

Inventory:

Jewellery
 e - a +6 ring of strength (left paw)
   (You found it on level 5 of the Dungeon)
 p - a ring of protection from cold
   (You found it on level 8 of the Dungeon)
 q - a +4 ring of protection (right paw)
   (You found it on level 8 of the Dungeon)
Wands
 k - a wand of mindburst (17)
   (You found it on level 4 of the Dungeon)
 o - a wand of charming (4)
   (You found it on level 6 of the Dungeon)
 t - a wand of polymorph (9)
   (You took it off an orc wizard on level 8 of the Dungeon)
 u - a wand of acid (10)
   (You found it on level 8 of the Dungeon)
Scrolls
 c - 3 scrolls of vulnerability {!r!r}
 f - 2 scrolls of teleportation {@r4}
 h - 2 scrolls of amnesia
 i - a scroll of blinking {unknown}
 j - 2 scrolls of fog {unknown}
 l - a scroll of magic mapping {unknown}
 s - a scroll of enchant weapon {unknown}
 v - a scroll of summoning {unknown}
Potions
 a - 3 potions of curing {@q1}
 b - 3 potions of heal wounds {@q2}
 d - 2 potions of flight
 g - a potion of berserk rage {unknown}
 m - 2 potions of haste {@q3}
 n - 2 potions of cancellation {unknown}
 r - a potion of magic {unknown}

Dungeon Overview and Level Annotations

Branches:
Dungeon (9/15)             Temple (1/1) D:4           Sewer (visited)
   Lair: D:8-11         Orc: D:9-12

Altars:
Ashenzari
Cheibriados
Dithmenos
Elyvilon
Fedhas
Gozag
Hepliaklqana
Kikubaaqudgha
Makhleb
Nemelex Xobeh
Okawaru
Qazlal
Ru
Sif Muna
Trog
Uskayaw
Vehumet
Wu Jian
Xom
Yredelemnul
Zin
The Shining One

Shops:
D:8 (

Annotations:
D:2 exclusion: downstairs
D:8 Vampire

. #......$# .###
#.......# .... ....
#.......# #....
#..###.......# #..#
#............###..#
#..<..............#
#.................#
##...............r8#
................@r.#####.
.................§c......
###########...########...
#...+ #...# #...+ #...#
#.... ######


You could see a centaur warrior (ally target), a friendly lightning spire
(summoned), a friendly quokka (summoned) and a friendly rat (summoned).


Message History

Your quokka dies!
Your quokka's corpse disappears in a puff of smoke!
The vampire barely misses your hound. The vampire misses your hound.
Your hound bites the vampire but does no damage.
The vampire closely misses your hound. The vampire bites your hound!
Your hound bites the vampire but does no damage.
Your hound bites the vampire but does no damage.
The vampire misses your hound.
The vampire hits your quokka with a +0 war axe.
The vampire misses your hound.
Your quokka barely misses the vampire.
Your hound barely misses the vampire.
Your quokka barely misses the vampire.
The vampire hits your hound with a +0 war axe!!
Your hound dies!
Your hound's corpse disappears in a puff of smoke!
The vampire barely misses your quokka.
Casting: Call Canine Familiar (safe; 1% risk of failure)
Confirm with . or Enter, or press ? or * to list all spells.
An electric hum fills the air.
Your quokka closely misses the vampire.
The vampire barely misses your lightning spire.
The vampire closely misses your quokka. The vampire bites your lightning spire!
Your quokka closely misses the vampire.
The vampire hits your lightning spire with a +0 war axe!
The vampire misses your quokka. The vampire bites your lightning spire!
Your lightning spire is destroyed!
Your lightning spire disappears in a puff of smoke!
Casting: Summon Lightning Spire (dangerous; 4% risk of failure)
Confirm with . or Enter, or press ? or * to list all spells.
You don't have enough magic to cast this spell.
Your quokka bites the vampire but does no damage.
You climb upwards.
There is a stone staircase leading down here.
There is a stone staircase leading down here.
You start resting.
Unknown command.
You start resting.
Unknown command.
You climb downwards.
There is a stone staircase leading up, spattered with blood here.
There is an entrance to Deshoy's Weapon Boutique here.
A vampire is nearby!
Danger!
Danger!
You see here 21 stones {throwing}.
Danger!
There is a stone staircase leading down here.
Annotate which branch? (. - D:8, ? - help, ! - show branch list) New annotation for D:8 (include '!' for warning): Vampire You climb downwards.
There is a stone staircase leading up here.
Unknown command.
Unknown command.
Okay, then.
Unknown command.
You pick up a book of Necromancy and begin reading...
You add the spells Pain, Animate Skeleton and Vampiric Draining to your library.
Unknown command.
v - a scroll labelled LAHIRA WALUSS Unknown command.
A centaur warrior comes into view.
The centaur warrior shouts!
Danger!
The centaur warrior wields a +0 shortbow.
The centaur warrior shoots an arrow.
The arrow closely misses you.
The centaur warrior shoots an arrow.
The arrow barely misses you.
The centaur warrior unwields a +0 shortbow.
The centaur warrior hits you!
The centaur warrior kicks you but does no damage.
Casting: Summon Lightning Spire (dangerous; 4% risk of failure)
Confirm with . or Enter, or press ? or * to list all spells.
An electric hum fills the air.
The centaur warrior misses you. The centaur warrior kicks you.
The centaur warrior misses you. The centaur warrior kicks you.
Casting: Summon Lightning Spire (dangerous; 4% risk of failure)
Confirm with . or Enter, or press ? or * to list all spells.
The centaur warrior closely misses you. x2
Unknown command.
Casting: Summon Small Mammal (safe; 1% risk of failure)
Confirm with . or Enter, or press ? or * to list all spells.
The centaur warrior hits you!
* * * LOW HITPOINT WARNING * * *
The centaur warrior closely misses you. The centaur warrior hits you.
* * * LOW HITPOINT WARNING * * *
The centaur warrior barely misses you.
Casting: Summon Small Mammal (safe; 1% risk of failure)
Confirm with . or Enter, or press ? or * to list all spells.
The centaur warrior misses you. x2
Your lightning spire shoots out a bolt of lightning at the centaur warrior!
The bolt of electricity misses the centaur warrior.
The bolt of electricity hits the centaur warrior!
The bolt of electricity hits your lightning spire.
Your lightning spire completely resists.
You swap places.
The centaur warrior wields a +0 shortbow.
The centaur warrior shoots an arrow.
The arrow hits your hound!!
Your hound dies!
Your hound's corpse disappears in a puff of smoke!
Your quokka bites the centaur warrior but does no damage.
Unknown command.
The centaur warrior shoots an arrow.
The arrow closely misses your quokka. The arrow hits you!!
You die...

Skill      XL: |  1  2  3  4  5  6  7  8  9 |
---------------+----------------------------+-----
Spellcasting   | 3 4 5 |  5.5
Summonings     | 5 6 7 8 9 |  9.0
Hexes          | 3 5 |  5.0
Air Magic      | 1 4 7 |  7.0
Fighting       | 4 |  4.8
Dodging        | 6 |  6.9
Stealth        | |  2.6

Action                   |  1- 3 |  4- 6 |  7- 9 || total
-------------------------+-------+-------+-------++-------
Melee: Unarmed           |    25 |    13 |    28 ||    66
       Bite              |     2 |     1 |     2 ||     5
 Cast: Summon Small Mamm |    59 |    86 |    89 ||   234
       Call Imp          |    13 |    13 |       ||    26
       Call Canine Famil |       |    15 |    33 ||    48
       Summon Guardian G |       |    10 |    37 ||    47
       Summon Lightning  |       |       |    47 ||    47
  Use: Scroll            |       |     7 |       ||     7
       Potion            |       |     1 |     1 ||     2
Armor: Skin              |     7 |     6 |    15 ||    28
Dodge: Dodged            |    40 |    52 |   142 ||   234

Levels and vault maps discovered:
D:1:      mainiacjoe_arrival_reflecting_pool, layout_loops_ring
D:2:      layout_basic
D:3:      layout_basic, cheibrodos_sewer_entry_sluice,
          nicolae_figureground_pulse
D:4:      layout_loops_ring, nicolae_overflow_hallway_of_the_gods,
          tgw_kikubaaqudgha, amethyst_overflow_temple_binary,
          minmay_temple_entry_statues_pillars, serial_bayou_pond_e, uniq_pargi
D:5:      layout_basic, amcnicky_altar_gilded, chequers_arboretum, uniq_menkaure
D:6:      layout_basic, kennysheep_small_circle, uniq_eustachio,
          uniq_blork_the_orc
D:7:      layout_loops_ring, gup_ossuary_entry_pyramid, uniq_pikel
D:8:      layout_layer_cave, serial_shops, shop, uniq_maurice
D:9:      layout_irregular_city, erik_lair_dragon, minmay_quadrilaterals,
          uniq_erica
Temple:   oiseaux_autumnal_temple

Notes
Turn   | Place    | Note
-------+----------+-------------------------------------------
     0 | D:1      | Sobieck the Felid Summoner began the quest for the Orb.
     0 | D:1      | Reached XP level 1. HP: 7/7 MP: 4/4
   250 | D:1      | Reached XP level 2. HP: 11/11 MP: 4/6
   340 | D:1      | Learned a level 2 spell: Call Imp
  1091 | D:2      | Reached XP level 3. HP: 14/14 MP: 6/8
  1866 | D:2      | Reached skill level 3 in Spellcasting
  1877 | D:2      | Reached skill level 5 in Summonings
  1877 | D:2      | Reached XP level 4. HP: 17/18 MP: 1/9
  1885 | D:2      | Learned a level 3 spell: Call Canine Familiar
  2468 | D:3      | Found a glowing drain.
  2512 | Sewer    | Entered a sewer
  2586 | Sewer    | Noticed a kobold brigand
  2606 | Sewer    | Killed a kobold brigand
  2607 | Sewer    | Reached skill level 6 in Summonings
  2607 | Sewer    | Reached XP level 5. HP: 21/21 MP: 5/10
  2618 | Sewer    | Learned a level 3 spell: Summon Guardian Golem
  2724 | Sewer    | Found a glowing silver altar of Zin.
  3427 | D:3      | Reached skill level 1 in Hexes
  3540 | D:3      | Reached skill level 2 in Hexes
  3740 | D:2      | Reached skill level 3 in Hexes
  3987 | D:3      | You pick up a book of Changes and begin reading...
  3987 | D:3      | You add the spells Beastly Appendage, Wereblood and Spider
                  | Form to your library.
  3996 | D:3      | You fall into a shaft and drop 2 floors!
  3996 | D:5      | Entered Level 5 of the Dungeon
  3996 | D:5      | Noticed an ogre
  4000 | D:5      | Noticed a necrophage
  4021 | D:5      | HP: 4/21 [hound (4)]
  4023 | D:5      | HP: 1/21 [hound (3)]
  4026 | D:5      | Found a blossoming altar of Fedhas.
  4350 | D:5      | Gained mutation: You are covered in thick fur. (AC +2)
                  | [Felid growth]
  4350 | D:5      | Reached XP level 6. HP: 24/24 MP: 6/11
  4375 | D:5      | Reached skill level 4 in Hexes
  4795 | D:4      | Found a glowing silver altar of Zin.
  4802 | D:4      | Found a hazy altar of Hepliaklqana.
  4808 | D:4      | Found a white marble altar of Elyvilon.
  4833 | D:4      | Found a snail-covered altar of Cheibriados.
  4855 | D:4      | Became a worshipper of Elyvilon the Healer
  4858 | D:4      | Found a sparkling altar of Nemelex Xobeh.
  4917 | D:4      | Reached skill level 5 in Hexes
  5331 | D:4      | Reached skill level 7 in Summonings
  5464 | D:4      | Learned a level 4 spell: Summon Lightning Spire
  5550 | D:4      | Noticed Pargi
  5605 | D:4      | Killed Pargi
  5606 | D:4      | Reached skill level 1 in Air Magic
  5606 | D:4      | Reached XP level 7. HP: 23/27 MP: 8/12
  5738 | D:4      | Found a staircase to the Ecumenical Temple.
  5745 | Temple   | Entered the Ecumenical Temple
  6265 | D:4      | Found an opulent altar of Gozag.
  6276 | D:4      | Found a shimmering altar of Xom.
  6496 | D:4      | Found an ancient bone altar of Kikubaaqudgha.
  6497 | D:4      | Noticed a human
  6500 | D:4      | Killed a human
  6633 | D:5      | Reached * piety under Elyvilon
  6755 | D:5      | Reached skill level 2 in Air Magic
  7120 | D:5      | Reached skill level 8 in Summonings
  7120 | D:5      | Reached skill level 3 in Air Magic
  7189 | D:5      | Noticed Menkaure
  7193 | D:5      | Shot with an arrow by a centaur
  7194 | D:5      | Reached XP level 6. HP: -1/24 MP: 10/11
  7250 | D:5      | Killed Menkaure
  7251 | D:5      | Reached XP level 7. HP: 27/27 MP: 6/12
  7493 | D:5      | Reached skill level 4 in Air Magic
  7974 | D:6      | Reached ** piety under Elyvilon
  8064 | D:6      | Noticed Blork the orc
  8069 | D:6      | Killed Blork the orc
  8078 | D:6      | Reached XP level 8. HP: 31/31 MP: 7/13
  8079 | D:6      | Reached skill level 9 in Summonings
  8284 | D:7      | HP: 4/31 [wyvern (14)]
  8286 | D:7      | Reached skill level 5 in Air Magic
  8740 | D:6      | Noticed Eustachio
  8793 | D:6      | HP: 2/31 [iron imp[Eustachio] (10)]
  8838 | D:6      | HP: 5/31 [river rat[Eustachio] (5)]
  8848 | D:6      | HP: 2/31 [rat[Eustachio] (3)]
  9193 | D:6      | Killed Eustachio
  9194 | D:6      | Reached skill level 6 in Air Magic
  9194 | D:6      | Reached skill level 1 in Fighting
  9194 | D:6      | Reached skill level 3 in Dodging
  9999 | D:7      | Noticed a deep elf pyromancer
 10048 | D:7      | HP: 8/33 [burnt (4)]
 10325 | D:6      | Reached skill level 2 in Fighting
 10325 | D:6      | Reached skill level 4 in Dodging
 10588 | D:7      | Reached skill level 4 in Spellcasting
 10968 | D:7      | Noticed Pikel
 11043 | D:7      | Killed Pikel
 11044 | D:7      | Reached skill level 3 in Fighting
 11044 | D:7      | Reached skill level 5 in Dodging
 11044 | D:7      | Reached XP level 9. HP: 37/37 MP: 8/16
 11508 | D:7      | Killed a deep elf pyromancer
 11720 | D:7      | Reached skill level 5 in Spellcasting
 11846 | D:7      | Reached *** piety under Elyvilon
 11916 | D:8      | Found Deshoy's Weapon Boutique.
 11931 | D:8      | HP: 1/39 [vampire (14)]
 11932 | D:8      | Slain by a vampire
 11933 | D:8      | Reached XP level 8. HP: -2/36 MP: 12/16
 11953 | D:8      | Found the +3 warlock's mirror {reflect}
 12045 | D:8      | Reached skill level 4 in Fighting
 12045 | D:8      | Reached skill level 6 in Dodging
 12045 | D:8      | Reached skill level 7 in Air Magic
 12894 | D:8      | Reached XP level 9. HP: 25/39 MP: 12/17
 13200 | D:8      | Upgraded the game from 0.28-a0-932-g843f935a50 to
                  | 0.28-a0-938-gbc3f381ebc
 13241 | D:8      | Noticed Maurice
 14016 | D:8      | Reached **** piety under Elyvilon
 14072 | D:8      | Killed Maurice
 14341 | D:9      | You pick up a book of Necromancy and begin reading...
 14341 | D:9      | You add the spells Pain, Animate Skeleton and Vampiric
                  | Draining to your library.
 14345 | D:9      | Noticed a centaur warrior
 14355 | D:9      | Shot with an arrow by a centaur warrior

Vanquished Creatures
  A mummy (D:7)
  An orc (D:8)
  2 bats
  A goblin (D:1)
  A jackal (D:1)
  A frilled lizard (D:1)
  A kobold (D:1)
  2 rats (D:1)
10 creatures vanquished.

Vanquished Creatures (collateral kills)
  A deep elf pyromancer (D:7)
  Maurice (D:8)
  Eustachio (D:6)
  2 wyverns
  Pargi (D:4)
  2 orc warriors
  A sky beast (D:8)
  2 necrophages
  2 ogres (D:5)
  2 kobold brigands
  Blork the orc (D:6)
  A wyvern skeleton (D:6)
  3 wights (D:8)
  2 bullfrog zombies (D:6)
  A jelly (D:5)
  A bullfrog skeleton (D:6)
  4 hounds
  A centaur skeleton (D:5)
  6 orc priests
  2 iguanas
  9 orc wizards
  2 howler monkey zombies
  14 gnolls
  5 adders
  A river rat (Sewer)
  A white imp (D:6)
  An adder skeleton (D:4)
  5 worms
  2 dart slugs
  22 orcs
  5 ball pythons
  4 endoplasms
  2 giant cockroaches (D:2)
  6 goblins
  12 hobgoblins
  3 jackals
  8 kobolds
  3 quokkas
  7 bats
  3 frilled lizards
  5 rats
157 creatures vanquished.

Vanquished Creatures (others)
  Pikel (D:7)
  Menkaure (D:5)
  A human (D:4)
  A centaur (D:5)
  A lemure (D:7)
  A scorpion (D:7)
  2 wyvern skeletons (D:7)
  3 wights (D:7)
  A gnoll shaman (D:8)
  An orc wizard (D:4)
  A howler monkey zombie (D:7)
  2 gnolls
  An adder (D:4)
  An orc (D:4)
  A plant (D:4)
19 creatures vanquished.

Grand Total: 186 creatures vanquished

Table legend:
 A = Non-vault XP
 B = Vault XP
 C = Vault XP percentage of total XP
 D = Non-vault monster count
 E = Vault monster count
 F = Vault count percentage of total count
                 A         B        C        D         E       F
            +---------+---------+-------+---------+---------+-------
      Total |    4289 |    1907 |  30.8 |     163 |      20 |  10.9
            +---------+---------+-------+---------+---------+-------
        D:1 |      32 |       0 |   0.0 |      20 |       0 |   0.0
        D:2 |     105 |       0 |   0.0 |      22 |       0 |   0.0
        D:3 |     102 |      15 |  12.8 |      20 |       3 |  13.0
        D:4 |     293 |     141 |  32.5 |      29 |       1 |   3.3
        D:5 |     744 |     175 |  19.0 |      12 |       1 |   7.7
        D:6 |     342 |     342 |  50.0 |      11 |       4 |  26.7
        D:7 |    1671 |     647 |  27.9 |      26 |       2 |   7.1
        D:8 |    1000 |     462 |  31.6 |      23 |       1 |   4.2
      Sewer |       0 |     125 | 100.0 |       0 |       8 | 100.0
            +---------+---------+-------+---------+---------+-------

Illustrated notes

Table legend:
 A = Kills in this place as a percentage of kills in entire the game.
 B = Kills by you in this place as a percentage of kills by you in the entire game.
 C = Kills by friends in this place as a percentage of kills by friends in the entire game.
 D = Other kills in this place as a percentage of other kills in the entire game.
 E = Experience gained in this place as a percentage of experience gained in the entire game.
 F = Experience gained in this place divided by the number of levels of this place that you have seen.
                   A       B       C       D       E      F
               +-------+-------+-------+-------+-------+----------------------
         Total | 100.0 | 100.0 | 100.0 | 100.0 | 100.0 | 563.3
       Dungeon |  95.6 | 100.0 |  94.9 | 100.0 |  98.0 | 674.6
         Sewer |   4.4 |   0.0 |   5.1 |   0.0 |   2.0 | 125.0
               +-------+-------+-------+-------+-------+----------------------

Table legend: (Time is in decaauts)
 A = Elapsed time spent in this place.
 B = Non-inter-level travel time spent in this place.
 C = Inter-level travel time spent in this place.
 D = Time resting spent in this place.
 E = Time spent auto-exploring this place.
 F = Levels seen in this place.
 G = Mean time per level.
                   A        B        C        D        E       F      G
               +--------+--------+--------+--------+--------+-----+--------+
         Total |  12974 |  12707 |    267 |   3618 |   5801 |  11 | 1179.5 |
       Dungeon |  12347 |  12107 |    240 |   3518 |   5473 |   9 | 1371.9 |
        Temple |    241 |    214 |     27 |      0 |    203 |   1 |  241.0 |
         Sewer |    385 |    385 |      0 |    100 |    124 |   1 |  385.0 |
               +--------+--------+--------+--------+--------+-----+--------+

Top non-repeatable levels by time:
     D:7: 2491 daAuts
     D:8: 1948 daAuts
     D:2: 1804 daAuts
     D:6: 1548 daAuts
     D:4: 1471 daAuts
     D:5: 1236 daAuts
     D:3: 1006 daAuts
     D:1: 735 daAuts
   Sewer: 385 daAuts
  Temple: 241 daAuts
     D:9: 105 daAuts
